[Event "Romanian Team Blitz Open 2022"]
[Site "Sebes"]
[Date "2022.12.04"]
[Round "6.10"]
[White "Daianu, Cristian-Clement"]
[Black "Ionescu, Mihai"]
[Result "0-1"]
[ECO "C24"]
[WhiteElo "2189"]
[BlackElo "2243"]
[Annotator "TA"]
[PlyCount "118"]
[EventDate "2022.12.04"]
[EventType "blitz"]
[EventCountry "ROU"]
[SourceTitle "playchess.com"]
[Source "ChessBase"]
[SourceQuality "1"]
[TimeControl "180+2"]

1. e4 e5 2. Bc4 Nf6 3. d3 c6 4. Nf3 d5 5. Bb3 a5 6. a4 {[%emt 0:00:16] C24: Bishop's Opening: 2...Nf6.} (6. Nxe5 $2 {too greedy.} a4 7. Bxd5 cxd5 8. exd5 Bb4+ 9. Bd2 Nxd5 $19) 6... Bd6 7. Nbd2 (7. exd5 $14 cxd5 8. O-O) 7... O-O $11 8. O-O {[%emt 0:00:02] [#] The position is equal.} Na6 $146 ({Predecessor:} 8... Nbd7 9. c3 Bc7 10. Re1 Nc5 11. Bc2 dxe4 12. Nxe4 Nfxe4 13. dxe4 Qxd1 {½-½ (13) Broehl,S (2087)-Wolf,A (2138) Germany 2018}) 9. Re1 Re8 10. c3 Bg4 11. h3 Bh5 12. Bc2 dxe4 13. dxe4 Bc7 14. Qe2 Nc5 15. Nf1 Ne6 16. Ng3 Bg6 17. Nh2 Nf4 18. Qf3 (18. Qc4 {with more complications.} Bb6 19. Nf3 Qc7 20. Be3) 18... Bb6 19. Be3 Qc7 20. Ng4 Nxg4 21. Qxg4 Bxe3 22. fxe3 Ne6 (22... Qb6 $5 ) 23. Nf5 Rad8 24. h4 ({White should play} 24. Qe2 $15) 24... Rd2 {[%emt 0:00:07] ...h5 is the strong threat.} 25. Re2 Red8 (25... h5 $17 26. Qf3 Red8) 26. h5 Rxe2 (26... Bxf5 {simplifies} 27. exf5 Rxe2 28. Qxe2 Ng5) 27. Qxe2 Bxf5 28. exf5 Ng5 29. h6 Qb6 (29... gxh6 $15 30. f6 Kh8) 30. hxg7 f6 31. Rb1 Kxg7 32. b4 Qc7 33. Kf2 axb4 34. cxb4 Qd6 35. Rd1 Qc7 36. Rxd8 Qxd8 {[%emt 0:00:01][%mdl 4096] Endgame KQB-KQN} 37. Bb3 Qd6 38. b5 Ne4+ 39. Kg1 Qd8 $2 (39... cxb5 $11 40. Qxb5 Nc5) 40. Qg4+ $2 (40. Qc4 $18 Nd6 41. Qg4+ Kh6 42. bxc6) 40... Ng5 41. Qe2 Qd6 42. bxc6 Qxc6 43. a5 Qc5 (43... Qc3 {looks sharper.} 44. Bd5 Qxa5 45. Bxb7 Qa1+) 44. Qd2 Kh6 45. Kh2 e4 46. Be6 Qe5+ 47. Kg1 Nxe6 48. fxe6 Qxe6 {[%emt 0:00:00] KQ-KQ} 49. Qb4 Qd5 50. Qb6 Kg5 51. Kh2 Kg4 {[%emt 0:00:00] aiming for ...Qe5+.} 52. Qc7 {[%emt 0:00:01][%mdl 8192] [#]} (52. Qxf6 $11 Qh5+ 53. Kg1 Qxa5 54. Qf4+ Kh5 55. Qf7+ Kh6 56. Qe6+ Kh5 57. Qe8+ Kh6 58. Qxe4) 52... Qe5+ {[%emt 0:00:00] Black mates.} 53. Qxe5 fxe5 {[%emt 0:00:00] KP-KP} 54. Kg1 Kg3 55. Kf1 h5 56. Kg1 h4 57. Kf1 {[%emt 0:00:03] [#]} h3 $1 58. gxh3 Kxh3 59. Kf2 Kh2 {[%emt 0:00:02] Weighted Error Value: White=0.24 (precise) /Black=0.16 (very precise)} 0-1

[Event "Romanian Team Blitz Open 2022"]
[Site "Sebes"]
[Date "2022.12.04"]
[Round "6.11"]
[White "Dragomirescu, Calin"]
[Black "Vrencian, Lehel"]
[Result "0-1"]
[ECO "D27"]
[WhiteElo "1971"]
[BlackElo "2226"]
[Annotator "TA"]
[PlyCount "60"]
[EventDate "2022.12.04"]
[EventType "blitz"]
[EventCountry "ROU"]
[SourceTitle "playchess.com"]
[Source "ChessBase"]
[SourceQuality "1"]
[TimeControl "180+2"]

1. d4 d5 2. Nf3 Nf6 3. c4 dxc4 4. e3 e6 5. Bxc4 a6 6. O-O Nbd7 7. a4 c5 8. Nc3 Bd6 {[%emt 0:00:03] [#] D27: Queen's Gambit Accepted: Classical main line: 7 e4!? and 7 a4.} 9. d5 $146 ({White should try} 9. dxc5 $11 Bxc5 10. Qe2) ({Predecessor:} 9. Qe2 Qc7 10. Rd1 O-O 11. a5 cxd4 12. exd4 b5 13. axb6 Nxb6 14. Bd3 Bb7 15. Bg5 Nbd5 16. Nxd5 Nxd5 17. Bxa6 {½-½ (42) Hoang,T (2485)-Peptan,C (2422) Tromsoe 2014}) 9... Nb6 $15 10. Ba2 Nbxd5 {[%emt 0:00:03] Black is more active. Black is better.} 11. Nxd5 exd5 12. e4 (12. Bd2 $15) 12... dxe4 $19 (12... Nxe4 $2 13. Qxd5 O-O 14. Qxe4 $18) 13. Ng5 O-O 14. Be3 h6 $2 (14... Qc7 $19 {and Black stays clearly on top. Strongly threatening ...h6.} 15. Rc1 Bxh2+ 16. Kh1 Bd6) 15. Nxf7 $17 ({Don't go for} 15. Bxc5 $2 Bxc5 16. Bxf7+ Kh8 17. Qxd8 Rxd8 $19) 15... Rxf7 16. Rc1 $2 {[%emt 0:00:07] [#]} (16. Bxc5 $17 Be7 17. Rc1) 16... Qe7 $1 $19 17. Qb3 {[%emt 0:00:25] Prevents Be6.} Bf5 18. Rfd1 Bg6 {[%emt 0:00:04] And now ...Ng4 would win.} 19. Qb6 Rd8 {[%emt 0:00:29][%cal Od8d7] Threatens to win with ...Rd7!} 20. Bxf7+ (20. Bxc5 $17 Bc7 21. Bxe7 Rxd1+ 22. Rxd1 Bxb6 23. Bxf6 gxf6 24. Rd6) 20... Bxf7 ({And not} 20... Kxf7 21. Bxc5 Ne8 22. Bxd6 Rxd6 23. Rxd6 Qxd6 24. Qxb7+ Kg8 25. Qc6 $11) 21. Bxc5 Bc7 {[%emt 0:00:42] [#] aiming for ...Rxd1+.} 22. Qa7 $2 (22. Bxe7 Rxd1+ 23. Rxd1 Bxb6 24. Bxf6 gxf6 25. Rd6) 22... Rxd1+ 23. Rxd1 Qe5 24. g3 Bh5 (24... Qh5 $142 25. Rc1 Qf3 26. Qa8+ (26. Qxb7 $2 {loses.} Be6 $19) 26... Kh7) 25. Re1 (25. Bd4 Qd5 26. Rc1) 25... Bf3 26. Qxb7 Qxc5 27. Qc8+ Kh7 {[%emt 0:00:01] ( -> ...Ng4)} 28. Qe6 Bb6 {[%emt 0:00:02][%csl Gb6][%cal Rc5f2] Black mates.} 29. Rf1 a5 30. h4 Be2 {[%emt 0:00:01] Weighted Error Value: White=1.13/Black=0.90} 0-1

[Event "Romanian Team Blitz Open 2022"]
[Site "Sebes"]
[Date "2022.12.04"]
[Round "6.12"]
[White "Craciun, Sasha-Matei"]
[Black "Santimbrean, Mihnea-Nicolae"]
[Result "1-0"]
[ECO "C11"]
[WhiteElo "2001"]
[BlackElo "1491"]
[Annotator "NA COMBH RC"]
[PlyCount "65"]
[EventDate "2022.12.04"]
[EventType "blitz"]
[EventCountry "ROU"]
[SourceTitle "playchess.com"]
[Source "ChessBase"]
[SourceQuality "1"]
[TimeControl "180+2"]

1. e4 e6 2. d4 d5 3. Nc3 Nf6 4. e5 Nfd7 5. f4 c5 6. Nf3 Nc6 7. Be3 Qb6 8. Qd2 cxd4 9. Nxd4 Nxd4 10. Bxd4 Bc5 11. O-O-O Bxd4 12. Qxd4 Qxd4 13. Rxd4 Nb6 14. h4 h5 15. Be2 Bd7 16. Kd2 Rc8 17. Ke3 Ke7 18. Kd2 f5 19. Rh3 g6 20. Rg3 Kf7 21. b3 Rc5 22. a4 a6 23. Rb4 Rc6 24. a5 Na8 25. Rxb7 Nc7 26. Na4 Rc8 27. Nb6 Rd8 28. Rc3 Rxc3 29. Kxc3 Ke8 30. Rxc7 d4+ 31. Kd2 Bb5 32. Bxb5+ axb5 {[%emt 0:00:02] Check Result:#10} 33. a6 1-0

[Event "Romanian Team Blitz Open 2022"]
[Site "Sebes"]
[Date "2022.12.04"]
[Round "6.13"]
[White "Anton, Teodor"]
[Black "Costachi, Mihnea"]
[Result "0-1"]
[ECO "E62"]
[WhiteElo "2438"]
[BlackElo "2476"]
[Annotator "TA"]
[PlyCount "84"]
[EventDate "2022.12.04"]
[EventType "blitz"]
[EventCountry "ROU"]
[SourceTitle "playchess.com"]
[Source "ChessBase"]
[SourceQuality "1"]
[TimeControl "180+2"]

1. Nf3 Nf6 2. g3 g6 3. Bg2 Bg7 4. O-O O-O 5. d4 d6 6. c4 Nc6 7. Nc3 e5 8. d5 Nb8 $1 {[%emt 0:00:02][%mdl 4] is recently more successful than 8...Ne7.} 9. e4 a5 {[%emt 0:00:01] E62: King's Indian: Fianchetto: 6...c6 and Panno Variation (6...Nc6) without ...a6.} 10. Ne1 Na6 11. Nd3 Nd7 {[%emt 0:00:07] The position is equal.} 12. f4 exf4 13. gxf4 Ndc5 (13... f5 $15) 14. Be3 Nxd3 15. Qxd3 f5 {[%emt 0:00:02] [#]} 16. Rae1 $146 ({Predecessor:} 16. Bd4 Nb4 17. Qd2 Bxd4+ 18. Qxd4 Nc2 19. Qf2 Nxa1 20. e5 dxe5 21. fxe5 Qg5 22. e6 Qg4 23. Ne4 Bxe6 24. h3 fxe4 {0-1 (24) Koubova,A (2094)-Jaufarally,N (1944) Pardubice 2019}) 16... fxe4 (16... Nb4 $5 17. Qd2 fxe4 $11) 17. Bxe4 (17. Nxe4 $11 Bf5 18. Qd2) 17... Bf5 (17... Bh3 $17 {White must now prevent ...Nc5.} 18. Rf3 (18. Bg2 Qd7 $15) 18... Qd7) 18. Bxf5 $11 Rxf5 19. Ne4 Qh4 20. Ng3 Rf7 21. f5 (21. Qd2 $11) 21... Be5 {[%emt 0:00:08] Black is more active.} (21... Nb4 $15 22. Qe2 Re8 23. fxg6 Rxf1+ 24. Qxf1 hxg6) 22. fxg6 Rg7 $40 {[%emt 0:00:00][%mdl 128] Black has some attack.} 23. gxh7+ Rxh7 (23... Kh8 $1 $11 24. Rf3 Bxg3 25. hxg3 Rxg3+ 26. Rxg3 Qxg3+ 27. Kf1 Qf3+ 28. Kg1 Qg3+ 29. Kf1 Qf3+ 30. Kg1 Qg3+) 24. Qg6+ $2 (24. Re2 $16) 24... Rg7 $2 ({Better is} 24... Kh8 $19 25. Re2 Rg8) 25. Qe6+ $14 Kh7 $2 {[%emt 0:00:10] [#]} (25... Kh8 $11 26. Qh6+ Qxh6 27. Bxh6 Rh7) 26. Qf5+ (26. Bf4 $1 $18 Rg6 27. Qf7+ Bg7 28. Re7 (28. Re6 Rxe6 29. Qxe6 Rf8 $16)) 26... Kh8 $16 {[%emt 0:00:03] Strongly threatening ...Rxg3+.} 27. Bf4 Bd4+ (27... Bxf4 $16 28. Rxf4 Qg5) 28. Kg2 ({White should play} 28. Kh1 $1 $18 Nc5 29. Qc2) 28... Rag8 (28... Rh7 $2 29. h3 Rg8 30. Re4 Bxb2 31. Bxd6 $1 $18 ) (28... Qh7 $16 {is a better defense.} 29. Qxh7+ Kxh7) 29. Re6 (29. Qh3 Qxh3+ 30. Kxh3 Bxb2 $14) ({White should try} 29. Re4 $1 $18 Qf6 30. Bxd6 $1 Qxf5 31. Rxf5 Bxb2 32. Be7) 29... Rh7 (29... Bxb2 $2 30. Rh6+ $18) 30. Rh1 {[%emt 0:00:05][%mdl 8192] [#]} (30. Rg6 $16 {[%cal Of4e5] keeps the pressure on. Intending Be5+! and mate.} Rxg6 31. Qxg6 Qh3+ 32. Kf3) 30... Nc5 $1 $19 ({Weaker is} 30... Bxb2 31. Rhe1 Rh5 32. Qxh5+ Qxh5 33. Rh6+ $11) 31. Rg6 Rxg6 {[%mdl 64] Deflection} (31... Bxb2 $2 32. Bg5 $18) 32. Qxg6 {[%emt 0:00:01] Threatening mate with Qe8+.} Qxf4 {[%emt 0:00:22][%csl Gd4][%cal Rf4f2] Chess con chili.} 33. Qe8+ Kg7 34. Qe7+ (34. Rf1 $142 Qd2+ 35. Ne2 Rxh2+ 36. Kxh2 Be5+ 37. Kh3 Qe3+ 38. Kg2 Qxe2+ 39. Rf2 Qe4+ 40. Kf1 Qxc4+ 41. Kg1 Qc1+ 42. Kg2) 34... Kg8 {[%emt 0:00:05][%csl Gd4][%cal Rf4f2] Black is clearly winning.} 35. Qe8+ Qf8 36. Qg6+ Rg7 37. Qc2 {[%emt 0:00:03] Prevents Qf2+.} Rf7 38. Qg6+ Qg7 39. Qxg7+ Kxg7 40. h4 Rf2+ 41. Kh3 Be5 {[%emt 0:00:09][%cal Of2f3] ...Rf3! is the strong threat.} ({Not} 41... Rxb2 42. Nf5+ Kh7 43. Nxd4 $17) 42. Rg1 Rf3 {[%emt 0:00:02] Weighted Error Value: White=0.72/Black=0.51} 0-1

[Event "Romanian Team Blitz Open 2022"]
[Site "Sebes"]
[Date "2022.12.04"]
[Round "6.14"]
[White "Ileana, George"]
[Black "David, Alexandru-Vasile"]
[Result "0-1"]
[ECO "A05"]
[WhiteElo "2343"]
[BlackElo "2404"]
[Annotator "TA"]
[PlyCount "52"]
[EventDate "2022.12.04"]
[EventType "blitz"]
[EventCountry "ROU"]
[SourceTitle "playchess.com"]
[Source "ChessBase"]
[SourceQuality "1"]
[TimeControl "180+2"]

1. e4 c5 2. Nf3 d6 3. g3 Nf6 4. d3 g6 5. Bg2 Bg7 6. O-O O-O 7. c3 Nc6 8. Re1 e5 9. d4 {[%emt 0:00:04] 9.a4 is becoming the main line.} (9. a4 $11) 9... cxd4 {[%emt 0:00:07] A05: Réti Opening: 1 Nf3 Nf6.} 10. cxd4 Bg4 11. d5 Nd4 {[%emt 0:00:04] The position is equal.} 12. Nc3 (12. Qd3 {simplifies} Bxf3 13. Bxf3 Nd7 14. Bg2) 12... Nd7 13. Be3 (13. h3 $15 Bxf3 14. Bxf3) 13... f5 $17 {[%emt 0:00:03] [#] Black is more active.} 14. exf5 $146 ({Predecessor:} 14. Bxd4 exd4 15. Nb5 Bxf3 16. Qxf3 Qb6 17. Qb3 fxe4 18. Bxe4 Nc5 19. Qc4 a6 20. Nxd4 Qxb2 {0-1 (55) Ivekovic,B (2260)-Bilobrk,F (2315) Opatija 1995}) 14... Rxf5 15. Bxd4 {[%emt 0:00:20] [#] This costs White the game.} (15. Nxd4 $17 Bxd1 16. Nxf5 gxf5 17. Raxd1) 15... exd4 $19 16. Ne4 Ne5 (16... Rxd5 17. Qb3 Nb6 18. a4 $18) 17. Ned2 Nxf3+ ({But not} 17... Qf8 $2 18. Rxe5 dxe5 19. Qe2 $19) 18. Bxf3 {[%emt 0:00:03] [#]} Rxf3 19. Nxf3 {[%emt 0:00:02][%cal Oh2h3] Strongly threatening h3!} Qf6 20. Qb3 ({Reject} 20. Kg2 Rf8 21. Kg1 Bxf3 $19) (20. Qxd4 {is the only way for White.} Qxf3 21. Qe3) 20... Bxf3 {[%emt 0:00:15] Black is clearly winning.} 21. Qxb7 Rf8 22. Qe7 Qxe7 23. Rxe7 d3 (23... Bxd5 $2 {is the wrong capture.} 24. Rd7 $19) 24. Re3 d2 25. Rd3 Bxb2 {[%emt 0:00:08] A strong pair of Bishops.} 26. Rb1 (26. Rf1 $142 Bc1 27. Rc3) 26... Bc1 {[%emt 0:00:10] Weighted Error Value: White=0.85/Black=0.16 (very precise)} 0-1

[Event "Romanian Team Blitz Open 2022"]
[Site "Sebes"]
[Date "2022.12.04"]
[Round "6.15"]
[White "Ghimpu, Samuel-Timotei"]
[Black "Negrean, Andrei"]
[Result "1-0"]
[ECO "B48"]
[WhiteElo "2455"]
[BlackElo "1991"]
[Annotator "TA"]
[PlyCount "103"]
[EventDate "2022.12.04"]
[EventType "blitz"]
[EventCountry "ROU"]
[SourceTitle "playchess.com"]
[Source "ChessBase"]
[SourceQuality "1"]
[TimeControl "180+2"]

1. e4 c5 2. Nf3 Nc6 3. d4 cxd4 4. Nxd4 Qc7 5. Nc3 e6 6. Be3 a6 7. g4 $1 {[%mdl 4] 7.g4 is setting a new trend. B48: Sicilian: Taimanov: 5 Nc3 Qc7 6 Be3 a6 without Be2.} b5 8. Nxc6 Qxc6 9. Qd2 {[%emt 0:00:02] White is slightly better.} b4 10. Ne2 Qxe4 11. Rg1 {Strongly threatening Bg2.} Qc4 12. Nf4 Qc7 13. O-O-O Bb7 {[%emt 0:00:02] [#]} 14. Bb6 $1 $36 {[%emt 0:00:02][%mdl 3136] White has compensation. White is more active.} Qc6 15. Bg2 d5 16. Bd4 Nf6 {[%emt 0:00:02] [#]} (16... Ne7 $142) 17. g5 $146 (17. Bxf6 $1 $16 gxf6 {[#]} 18. Nxd5 $1 exd5 19. Rge1+ Kd7 20. Bxd5 Qxd5 21. Qf4) ({Predecessor:} 17. Bxf6 gxf6 18. Bxd5 exd5 19. Rge1+ Kd7 20. Nxd5 Qxd5 21. Qf4 Rd8 22. Qc4 Qd6 23. f4 {1-0 (75) Eugene,F (2375)-Chkhaidze,N (2301) Sant Ferran de ses Roques 2022}) 17... Nd7 (17... Ne4 $11 {keeps the balance.} 18. Bxe4 dxe4) 18. Rge1 $16 {[%emt 0:00:02] White is much more active. The black rooks are badly placed.} Rg8 $2 {[%emt 0:00:02][%mdl 8192] This costs Black the game.} (18... O-O-O $16) 19. Bxd5 $18 Qb5 {[%emt 0:00:02] [#]} 20. Nxe6 $1 fxe6 21. Bxe6 {Threatening mate with Bb6.} O-O-O 22. Bxg8 Bf3 23. Bxh7 Bxd1 24. Rxd1 Be7 25. h4 Nb6 26. Qe3 Nd5 27. Qe6+ Qd7 28. Bf5 {[%emt 0:00:02] White wants to mate with Qc6+.} Qxe6 29. Bxe6+ {[%emt 0:00:02] A strong pair of Bishops.} Kb7 30. Bxg7 Nf4 31. Rxd8 Bxd8 {[%mdl 4096] Endgame KBB-KBN} 32. Bg4 Ng2 33. Bf6 {[%emt 0:00:02] White threatens Bf3+ and mate.} Bxf6 34. gxf6 {White mates.} Nxh4 {[%emt 0:00:04] KB-KN} 35. Bh5 Nf5 36. f7 Nd6 37. f8=Q Nb5 38. Qxb4 Ka7 39. a4 Nc7 40. Qc5+ Kb7 41. a5 Na8 42. Bf3+ Kb8 43. Bxa8 Kxa8 44. f4 Kb7 45. f5 Kb8 46. f6 Kb7 47. f7 Ka8 48. Qc6+ Ka7 49. Qb6+ Ka8 50. Qxa6+ Kb8 51. Qb6+ Ka8 52. f8=Q# {[%emt 0:00:02] Weighted Error Value: White=0.36/Black=0.34} 1-0

[Event "Romanian Team Blitz Open 2022"]
[Site "Sebes"]
[Date "2022.12.04"]
[Round "6.16"]
[White "Tampea, Radu"]
[Black "Talu, Mircea"]
[Result "0-1"]
[ECO "D00"]
[WhiteElo "2110"]
[BlackElo "2327"]
[Annotator "TA"]
[PlyCount "86"]
[EventDate "2022.12.04"]
[EventType "blitz"]
[EventCountry "ROU"]
[SourceTitle "playchess.com"]
[Source "ChessBase"]
[SourceQuality "1"]
[TimeControl "180+2"]

1. d4 Nf6 2. Bf4 d5 3. e3 c5 4. c3 Nc6 5. Nd2 Bg4 6. Qb3 {[%emt 0:00:09] D00: 1 d4 d5: Unusual lines.} Qb6 (6... Qd7 $11 {keeps the balance.}) 7. dxc5 $16 Qxb3 8. axb3 {[%emt 0:00:01][%cal Ba2b3,Bb3b4,Bb4b5][%mdl 32] White is slightly better.} e5 {[%emt 0:00:02] Inhibits b4.} 9. Bg3 Bxc5 10. b4 Bd6 11. Ngf3 {[%emt 0:00:09] [#] Hoping for b5.} Nh5 $146 ({Predecessor:} 11... Nd7 12. b5 Ne7 13. c4 O-O 14. Bd3 Bb4 15. Nxe5 Nxe5 16. Bxe5 dxc4 17. Bxc4 Rfd8 {1-0 (62) Nasir,Z (2057)-Musat,A (2378) Chess.com INT 2022}) 12. b5 Nxg3 13. hxg3 Ne7 14. Be2 O-O 15. O-O Ng6 ({Black should play} 15... f6 $11) 16. Ra4 e4 17. Nd4 Bd7 (17... Bxe2 $14 18. Nxe2 Rfd8) 18. Rfa1 Bc5 19. R4a2 (19. c4 $1 $16) 19... Rab8 20. Kf1 Ne5 21. N2b3 {[%emt 0:00:03] Pair of Knights!} Bb6 22. Nd2 Rfc8 23. Ke1 f5 24. f4 Nf7 25. Bd1 Nd6 26. Bb3 Rc5 $1 (26... Nxb5 27. Bxd5+ Kf8 28. g4 $14) 27. Ke2 Nxb5 (27... Bxb5+ $6 28. Nxb5 Rxb5 29. Rd1 $11) 28. Nxb5 (28. g4 $142) 28... Bxb5+ $17 ({But not} 28... Rxb5 29. Ba4 $14) 29. Kf2 Bd3 {[%emt 0:00:02] Inhibits g4.} 30. Ra4 Kf7 31. Rd4 Rd8 32. c4 (32. Rh1 $17 {might work better.}) 32... Rxc4 $2 {[%emt 0:00:07] [#]} 33. Nxc4 (33. Rxd5 $1 $16 Rxd5 34. Nxc4) 33... Bxd4 $19 ({Inferior is} 33... Bxc4 34. Rxc4 dxc4 35. Bxc4+ Ke7 36. Ke2 $17) 34. exd4 dxc4 {[%emt 0:00:01][%mdl 4096] Endgame KRB-KRB} 35. Bd1 a6 {[%emt 0:00:03] White must now prevent ...Rd6.} (35... Rxd4 $2 {loses.} 36. Rxa7 Rd7 37. g4 $19) 36. Ke3 h6 $2 (36... Rd6 $19 {is more deadly.} 37. Ra5 g6) 37. Ra5 $17 g6 {[%emt 0:00:02] Threatens to win with ...h5.} 38. g4 {[%emt 0:00:00] Prevents h5.} fxg4 39. Bxg4 Rd6 (39... h5 $142 40. Bh3 Rd6) 40. Rc5 Rb6 (40... h5 $17 41. Bc8 Kf8) 41. Rc7+ $11 Kf6 (41... Kg8 $1 $11 {remains equal.}) 42. Bc8 $2 (42. d5 $16 {is necessary to keep the advantage.}) 42... Rxb2 $17 43. Rxb7 $2 (43. d5 $19) 43... Re2# {[%emt 0:00:01] Weighted Error Value: White=0.62/Black=0.46} 0-1

[Event "Romanian Team Blitz Open 2022"]
[Site "Sebes"]
[Date "2022.12.04"]
[Round "6.17"]
[White "Patrascu, Catalin-Lucian"]
[Black "Szabo, Gergely-Andras-Gyula"]
[Result "0-1"]
[ECO "C11"]
[WhiteElo "2279"]
[BlackElo "2514"]
[Annotator "TA"]
[PlyCount "80"]
[EventDate "2022.12.04"]
[EventType "blitz"]
[EventCountry "ROU"]
[SourceTitle "playchess.com"]
[Source "ChessBase"]
[SourceQuality "1"]
[TimeControl "180+2"]

1. e4 e6 2. d4 d5 3. Nc3 Nf6 4. e5 Nfd7 5. f4 c5 6. Nf3 b6 7. Be3 {[%emt 0:00:06] C11: French: Classical System: 4 e5 and 4 Bg5 dxe4.} (7. f5 $5 a6 8. fxe6 fxe6 9. Ng5 $16) 7... Be7 8. Qd2 Nc6 {[%emt 0:00:09] [#]} 9. Qf2 $146 {[%emt 0:00:28] White has an edge.} (9. Bb5 $5 Bb7 10. Rd1 $11) ({Predecessor:} 9. Be2 Bb7 10. O-O O-O 11. Nd1 cxd4 12. Nxd4 Nxd4 13. Bxd4 Nc5 14. Nf2 Qc8 15. Rfe1 Ne4 16. Nxe4 dxe4 {1-0 (80) Giri,A (2779)-Bareev,E (2643) Amsterdam 2019}) 9... Bb7 10. h4 cxd4 11. Nxd4 Nxd4 (11... Bb4 $11) 12. Bxd4 $14 Nc5 13. O-O-O (13. Bb5+ $16 Kf8 14. h5) 13... O-O 14. f5 (14. Kb1 $14) 14... exf5 $11 15. Qxf5 Ne6 (15... Qc8 {simplifies} 16. Qxc8 Raxc8 17. g3 Ne6) 16. Bf2 (16. Bd3 g6 17. Qg4 Bc5 $11) 16... d4 17. Bc4 $2 {[%emt 0:00:32] [#] This costs White the game.} (17. Bd3 $2 g6 18. Qg4 dxc3 $19) (17. h5 $11 {and White stays safe.}) 17... Qc8 $1 $19 (17... Bxg2 18. Rhg1 Qc8 19. Nd5 (19. Bd3 g6 $17) 19... Qxc4 20. Nxe7+ Kh8 21. Rxg2 $14) (17... g6 18. Qg4 $11) 18. Nd5 (18. Bd3 $2 g6 19. Qg4 dxc3 $19) 18... Qxc4 19. Nxe7+ Kh8 {...Rae8 is the strong threat.} 20. h5 {[%emt 0:00:00] [#]} h6 $1 $36 {[%emt 0:00:06][%mdl 2048] White must now prevent ...Rae8. Keeping White busy.} ({Don't take} 20... Qxa2 21. h6 Qa1+ 22. Kd2 Qa5+ 23. Kc1 Qa1+ 24. Kd2 Qa5+ 25. Ke2 $16) 21. Bh4 (21. Qd3 $142 Qxa2 22. Qa3) 21... Rae8 ({Worse is} 21... Bxg2 22. Rhg1 d3 23. Rxg2 $17) 22. Kb1 Qc5 ({Not} 22... Bxg2 23. Rh2 Bd5 24. b3 $17) 23. c3 Rxe7 (23... dxc3 $142 24. Qd3 Rxe7 25. Bxe7 Qxe7 26. Qxc3 Bxg2) 24. cxd4 Nxd4 25. Bxe7 Nxf5 26. Bxc5 bxc5 27. Rd7 Bxg2 28. Rg1 Be4+ 29. Kc1 Nd4 {[%emt 0:00:01] Hoping for ...Ne2+.} 30. Rf1 Kg8 31. Rxa7 Nc6 32. Rc7 Nxe5 33. Kd2 Rd8+ 34. Ke3 Nc4+ 35. Kf4 Bd3 36. Rf2 Rd4+ 37. Kg3 Ne5 38. Rxc5 Rg4+ 39. Kh3 Rg5 40. Rd2 $2 (40. Kh4 $19) 40... Bf5+ {[%emt 0:00:03] Weighted Error Value: White=0.56/Black=0.19 (very precise)} 0-1

[Event "Romanian Team Blitz Open 2022"]
[Site "Sebes"]
[Date "2022.12.04"]
[Round "6.18"]
[White "Nevednichy, Vladislav"]
[Black "Creanga, Robert-Ionut"]
[Result "1-0"]
[ECO "A00"]
[WhiteElo "2499"]
[BlackElo "2190"]
[Annotator "TA"]
[PlyCount "99"]
[EventDate "2022.12.04"]
[EventType "blitz"]
[EventCountry "ROU"]
[SourceTitle "playchess.com"]
[Source "ChessBase"]
[SourceQuality "1"]
[TimeControl "180+2"]

1. b4 e5 2. Bb2 Bxb4 3. Bxe5 Nf6 4. e3 O-O 5. Nf3 d5 6. Be2 c5 7. O-O {[%emt 0:00:07] A00: Irregular Openings.} Nc6 8. Bf4 h6 9. h3 {[%emt 0:00:01] [#] Black has an edge.} Be6 $146 ({Predecessor:} 9... Bf5 10. d3 Re8 11. Qc1 Qd7 12. c4 dxc4 13. Qxc4 Nd5 14. Bg3 Nb6 15. Qb3 Na5 {½-½ (60) Teichmann,E (2325)-Charles,G (2148) Parramatta 2010}) 10. c3 Ba5 11. d4 Bc7 (11... Ne4 {is interesting.} 12. dxc5 Rc8 13. Nd4 Nxc5 14. Nb3 Ne4) 12. Bxc7 Qxc7 13. Nbd2 b6 14. Bb5 Ne7 15. Ne5 Ne4 (15... c4 {simplifies} 16. Ba6 Nc6 17. Nxc6 Qxc6 18. a4 Bf5) 16. Rc1 f6 17. Nd3 Nd6 18. Nf4 Bf7 19. Bd3 g5 {[%emt 0:00:04] White must now prevent ...c4.} (19... c4 $5 20. Bc2 Rad8 $11) 20. Ne2 Kg7 (20... c4 $1 $11 21. Bc2 Bh5) 21. Ng3 (21. c4 $16) 21... Bg6 (21... c4 $1 $11 22. Bc2 Bg6) 22. Nh5+ (22. Bxg6 $16 Nxg6 23. c4 (23. Qf3 Qf7 $11)) 22... Kh7 (22... Bxh5 $1 $11 {keeps the balance.} 23. Qxh5 c4) 23. Bc2 (23. Bxg6+ $16 Nxg6 24. c4) 23... f5 24. Re1 (24. Ng3 $11) 24... Ne4 $15 25. Bxe4 dxe4 (25... fxe4 26. c4 $11) 26. Nc4 Rad8 (26... Nc6 {simplifies} 27. Ng3 Rad8 28. Qa4 Rd5) 27. Ne5 Nc6 (27... Be8 $15) 28. Nxg6 $11 Kxg6 29. Ng3 Na5 30. Qh5+ Kh7 $1 31. h4 Qf7 32. hxg5 Qxh5 (32... Qxa2 $2 33. Qxh6+ Kg8 34. Nh5 $18) 33. Nxh5 {[%emt 0:00:01] And now Nf4 would win.} hxg5 34. Ng3 Kg6 35. Red1 Nc4 36. Kf1 (36. a4 $15) 36... Rh8 ({Better is} 36... Rde8 $17 {...f4 is the strong threat.} 37. dxc5 f4 38. exf4 gxf4) 37. Ke2 $15 Rh2 (37... Nb2 $15 38. Rh1 Rh4) 38. dxc5 $11 Rxd1 (38... Rc8 $1 $11) 39. Rxd1 $16 {[%emt 0:00:00] Strongly threatening Rd4.} bxc5 $11 {[%emt 0:00:04][%mdl 4096] Endgame [#] KRN-KRN} 40. Rd5 ({White should try} 40. Kf1 $1 $16) 40... f4 $2 (40... Rxg2 $2 41. Nxf5 (41. Rxf5 Rxg3 42. Rxc5 Rg1 $16) 41... Nb6 42. Rxc5 $18) (40... Nxe3 $1 $11 41. Rd6+ (41. Kxe3 f4+ 42. Kxe4 fxg3 $11) (41. Rxc5 Ng4 $11) 41... Kg7) 41. exf4 (41. Rxc5 $2 {is the wrong capture.} fxg3 42. Rxc4 Rxg2 $19) 41... gxf4 42. Nxe4 Rxg2 43. Rxc5 Nb2 44. Nd2 (44. Rb5 $18 {and White stays clearly on top.} Nc4 45. Kd3) 44... Na4 (44... Rxf2+ $16 {might work better.} 45. Kxf2 Nd3+ 46. Kf3 Nxc5) 45. Rc6+ Kf5 46. Nf3 {[%emt 0:00:05] aiming for Nh4+.} Rg7 47. Nd4+ (47. Kd3 $142) 47... Ke4 $16 48. f3+ (48. Re6+ $16 Kd5 49. Ra6 f3+ 50. Kd2 (50. Kxf3 Nxc3 51. Nf5 Rb7 $16)) 48... Kd5 $11 49. Kd3 {[%emt 0:00:00] White threatens c4+ and mate.} Nc5+ $2 {[%emt 0:00:02][%mdl 8192] [#]} (49... Nb2+ $11 50. Ke2 Rh7) 50. Rxc5+ $1 {[%emt 0:00:15][%mdl 512] Weighted Error Value: White=0.29 (precise) /Black=0.45} 1-0